[ AOE2 MATCH · #504549580 ]
UnrankedWei vs Teutons
Player's team · WIN
Rival team · LOSS
[ REPLAY ANALYSIS · EXTRACTED FROM THE RECORDED GAME ]
Feudal
8:53
Castle
20:49
Imperial
—
| APM avg | 57.7 |
| APM peak | 100 |
| eAPM avg | 24.2 |
| Villagers / military | 85 / 35 |
Focus
⚔️ 25.9% · 🌾 74.1%
Archer ×15 · Skirmisher ×15 · Unknown (1944) ×6 · Mangonel ×3 · Monk ×2
Feudal
12:23
Castle
20:22
Imperial
—
| APM avg | 62.9 |
| APM peak | 96 |
| eAPM avg | 19.5 |
| Villagers / military | 65 / 59 |
Focus
⚔️ 50.2% · 🌾 49.8%
Archer ×49 · Militia ×6 · Skirmisher ×4
Match map
Initial resources + every placement click. Lines = walls · curves = elevation contours. ◆ gold · ⬟ stone · ● berries · ✦ relic · ◌ wall gap
Your base· ✓ Closed at 20:49 · 27t walls · 1 gate(s)
Sir Poopsalot's base· ✓ Closed at 20:22 · 71t walls · no gate
Smoothed initial terrain · ◌ = detected wall gap · hover for details
Inputs per minute
— EbolasRider - - Sir Poopsalot
Build order — EbolasRider
First 150 of 248 actions detected
| 0:01 | Create | Villager (Male) |
| 0:01 | Create | Villager (Male) |
| 0:02 | Create | Villager (Male) |
| 0:03 | Build | House |
| 0:04 | Build | House |
| 0:13 | Create | Villager (Male) |
| 1:25 | Create | Villager (Male) |
| 2:01 | Create | Villager (Male) |
| 2:21 | Create | Villager (Male) |
| 2:31 | Build | Lumber Camp |
| 2:50 | Create | Villager (Male) |
| 3:03 | Create | Villager (Male) |
| 3:39 | Create | Villager (Male) |
| 3:52 | Build | House |
| 4:05 | Create | Villager (Male) |
| 4:08 | Create | Villager (Male) |
| 4:51 | Create | Villager (Male) |
| 4:53 | Build | Mill |
| 4:53 | Create | Villager (Male) |
| 5:05 | Create | Villager (Male) |
| 6:04 | Create | Villager (Male) |
| 6:08 | Research | Loom |
| 6:43 | Research | Feudal Age |
| 6:43 | Research | Feudal Age |
| 6:58 | Build | Lumber Camp |
| 7:27 | Build | Palisade Wall |
| 7:45 | Build | House |
| 8:10 | Create | Villager (Male) |
| 8:16 | Build | Barracks |
| 8:24 | Build | Palisade Wall |
| 8:26 | Build | Palisade Wall |
| 8:29 | Build | Palisade Wall |
| 8:30 | Build | Palisade Wall |
| 8:40 | Build | House |
| 8:49 | Create | Villager (Male) |
| 8:51 | Build | Palisade Wall |
| 8:51 | Build | Palisade Wall |
| 8:53 | Age | Feudal Age |
| 8:53 | Build | Palisade Wall |
| 8:57 | Build | Palisade Wall |
| 8:59 | Build | Palisade Wall |
| 9:01 | Create | Villager (Male) |
| 9:05 | Research | Double-Bit Axe |
| 9:11 | Create | Villager (Male) |
| 9:31 | Build | Mining Camp |
| 9:36 | Create | Villager (Male) |
| 9:39 | Build | House |
| 9:55 | Build | House |
| 10:03 | Create | Villager (Male) |
| 10:16 | Build | Archery Range |
| 10:30 | Build | House |
| 10:34 | Build | Palisade Wall |
| 10:37 | Create | Villager (Male) |
| 10:46 | Build | Palisade Wall |
| 10:56 | Build | House |
| 11:03 | Build | Palisade Wall |
| 11:07 | Create | Archer |
| 11:08 | Create | Archer |
| 11:09 | Build | Farm |
| 11:10 | Build | Farm |
| 11:13 | Create | Villager (Male) |
| 11:19 | Create | Villager (Male) |
| 11:31 | Build | Farm |
| 11:50 | Build | Farm |
| 11:56 | Research | Horse Collar |
| 11:56 | Research | Horse Collar |
| 12:11 | Build | Farm |
| 12:16 | Create | Archer |
| 12:16 | Create | Archer |
| 12:38 | Build | Farm |
| 12:39 | Create | Villager (Male) |
| 12:43 | Build | Farm |
| 12:54 | Build | House |
| 12:58 | Create | Archer |
| 12:59 | Create | Villager (Male) |
| 13:05 | Build | Farm |
| 13:12 | Create | Archer |
| 13:20 | Build | Farm |
| 13:22 | Create | Villager (Male) |
| 13:32 | Build | House |
| 13:42 | Create | Villager (Male) |
| 13:50 | Build | Blacksmith |
| 13:53 | Create | Archer |
| 13:59 | Create | Villager (Male) |
| 14:03 | Create | Archer |
| 14:15 | Create | Villager (Male) |
| 14:29 | Build | Farm |
| 14:30 | Build | Farm |
| 14:43 | Build | Farm |
| 14:44 | Build | Farm |
| 15:14 | Create | Villager (Male) |
| 15:16 | Build | Farm |
| 15:17 | Build | Farm |
| 15:17 | Create | Villager (Male) |
| 15:24 | Build | House |
| 15:29 | Build | House |
| 15:32 | Build | House |
| 15:37 | Research | Wheelbarrow |
| 15:48 | Build | Farm |
| 15:50 | Create | Archer |
| 15:52 | Create | Archer |
| 16:05 | Build | House |
| 16:11 | Build | Palisade Gate |
| 16:17 | Build | House |
| 16:25 | Build | Farm |
| 16:41 | Create | Villager (Male) |
| 16:43 | Research | Gold Mining |
| 16:52 | Build | House |
| 16:53 | Build | House |
| 17:04 | Create | Archer |
| 17:11 | Create | Villager (Male) |
| 17:17 | Build | Farm |
| 17:21 | Build | Farm |
| 17:38 | Create | Villager (Male) |
| 17:42 | Build | Stable |
| 17:45 | Create | Archer |
| 18:04 | Research | Castle Age |
| 18:06 | Create | Archer |
| 18:57 | Create | Archer |
| 18:57 | Create | Archer |
| 20:49 | Age | Castle Age |
| 21:15 | Create | Villager (Male) |
| 21:17 | Research | Crossbowman (upgrade) |
| 21:18 | Research | Fletching |
| 21:18 | Research | Fletching |
| 21:23 | Build | Siege Workshop |
| 21:25 | Create | Villager (Male) |
| 21:32 | Create | Unit 1944 |
| 21:32 | Create | Unit 1944 |
| 21:33 | Create | Unit 1944 |
| 21:36 | Create | Villager (Male) |
| 21:37 | Research | Bow Saw |
| 21:42 | Build | Town Center |
| 21:44 | Research | Stone Mining |
| 21:45 | Create | Mangonel |
| 22:00 | Create | Unit 1944 |
| 22:01 | Research | Bodkin Arrow |
| 22:04 | Create | Villager (Male) |
| 22:08 | Create | Villager (Male) |
| 22:11 | Build | Farm |
| 22:12 | Build | Farm |
| 22:36 | Create | Villager (Male) |
| 22:41 | Build | Monastery |
| 22:47 | Build | Farm |
| 22:54 | Create | Villager (Male) |
| 23:00 | Create | Villager (Male) |
| 23:03 | Build | Farm |
| 23:03 | Build | Farm |
| 23:09 | Build | Farm |
| 23:16 | Create | Villager (Male) |
Build order — Sir Poopsalot
First 150 of 199 actions detected
| 0:00 | Create | Villager (Male) ×4 |
| 0:02 | Build | House |
| 0:02 | Build | House |
| 1:35 | Create | Villager (Male) |
| 1:45 | Build | Lumber Camp |
| 2:06 | Create | Villager (Male) |
| 2:24 | Create | Villager (Male) |
| 2:49 | Create | Villager (Male) |
| 3:11 | Create | Villager (Male) |
| 3:34 | Create | Villager (Male) |
| 3:50 | Build | House |
| 4:00 | Create | Villager (Male) |
| 4:14 | Build | Barracks |
| 4:22 | Create | Villager (Male) |
| 4:35 | Build | House |
| 4:49 | Create | Villager (Male) |
| 5:20 | Create | Villager (Male) |
| 5:24 | Create | Militia |
| 5:24 | Create | Militia |
| 5:40 | Create | Militia |
| 5:43 | Build | Mining Camp |
| 5:53 | Create | Villager (Male) |
| 6:05 | Create | Villager (Male) |
| 6:10 | Create | Militia |
| 6:18 | Create | Villager (Male) |
| 6:38 | Create | Villager (Male) |
| 6:39 | Create | Militia |
| 6:42 | Build | House |
| 6:57 | Build | Mill |
| 7:03 | Create | Villager (Male) |
| 7:24 | Research | Loom |
| 7:26 | Build | House |
| 7:28 | Create | Villager (Male) |
| 7:45 | Create | Militia |
| 8:04 | Create | Villager (Male) |
| 8:14 | Build | Farm |
| 8:16 | Build | Farm |
| 8:24 | Create | Villager (Male) |
| 8:49 | Build | Farm |
| 9:01 | Create | Villager (Male) |
| 9:23 | Create | Villager (Male) |
| 9:27 | Build | Farm |
| 9:35 | Build | Farm |
| 10:13 | Research | Feudal Age |
| 10:13 | Research | Feudal Age |
| 10:17 | Build | Farm |
| 10:18 | Build | Farm |
| 10:21 | Build | Farm |
| 10:58 | Build | Farm |
| 11:00 | Build | Farm |
| 11:04 | Build | House |
| 11:05 | Build | Palisade Wall |
| 11:09 | Build | House |
| 11:10 | Build | Palisade Wall |
| 11:12 | Build | Palisade Wall |
| 11:23 | Build | Palisade Wall |
| 11:25 | Build | Palisade Wall |
| 11:26 | Build | Palisade Wall |
| 11:39 | Build | Palisade Wall |
| 11:46 | Create | Villager (Male) |
| 12:23 | Age | Feudal Age |
| 12:27 | Build | Archery Range |
| 12:31 | Research | Man-at-Arms (upgrade) |
| 12:35 | Research | Double-Bit Axe |
| 12:37 | Create | Villager (Male) |
| 12:45 | Build | House |
| 12:52 | Build | Palisade Wall |
| 12:59 | Create | Villager (Male) |
| 13:10 | Research | Horse Collar |
| 13:17 | Create | Villager (Male) |
| 13:21 | Create | Skirmisher |
| 13:27 | Build | Palisade Wall |
| 13:33 | Create | Villager (Male) |
| 13:40 | Create | Skirmisher |
| 13:44 | Create | Villager (Male) |
| 13:57 | Build | Palisade Wall |
| 14:01 | Create | Skirmisher |
| 14:02 | Create | Villager (Male) |
| 14:22 | Create | Archer |
| 14:29 | Create | Villager (Male) |
| 14:39 | Create | Skirmisher |
| 15:04 | Create | Villager (Male) |
| 15:08 | Build | Farm |
| 15:10 | Build | Farm |
| 15:11 | Build | Farm |
| 15:19 | Build | House |
| 15:21 | Build | Palisade Wall |
| 15:28 | Build | Archery Range |
| 15:34 | Build | House |
| 15:41 | Build | House |
| 15:47 | Create | Archer |
| 16:03 | Build | Palisade Wall |
| 16:07 | Create | Villager (Male) |
| 16:14 | Build | House |
| 16:21 | Create | Villager (Male) |
| 16:22 | Create | Archer |
| 16:30 | Build | House |
| 17:10 | Create | Villager (Male) |
| 17:12 | Build | Blacksmith |
| 17:15 | Create | Archer |
| 17:18 | Create | Archer |
| 17:42 | Research | Castle Age |
| 17:50 | Create | Archer |
| 17:58 | Create | Archer |
| 18:00 | Build | Archery Range |
| 18:09 | Create | Archer |
| 18:14 | Research | Fletching |
| 18:18 | Research | Gold Mining |
| 18:21 | Create | Archer |
| 18:30 | Create | Villager (Male) |
| 18:35 | Create | Archer |
| 18:46 | Research | Padded Archer Armor |
| 18:48 | Create | Villager (Male) |
| 18:50 | Create | Archer |
| 18:52 | Create | Archer |
| 19:03 | Create | Villager (Male) |
| 19:08 | Create | Archer |
| 19:10 | Create | Archer |
| 19:21 | Create | Archer |
| 19:42 | Create | Archer |
| 19:58 | Build | Lumber Camp |
| 20:22 | Age | Castle Age |
| 20:24 | Research | Crossbowman (upgrade) |
| 20:24 | Research | Bodkin Arrow |
| 20:36 | Create | Archer |
| 20:37 | Create | Archer |
| 20:53 | Create | Archer |
| 20:54 | Create | Villager (Male) |
| 21:04 | Create | Villager (Male) |
| 21:08 | Build | University |
| 21:12 | Create | Villager (Male) |
| 21:14 | Create | Archer |
| 21:30 | Create | Villager (Male) |
| 21:32 | Create | Archer |
| 21:33 | Create | Archer |
| 21:44 | Create | Villager (Male) |
| 21:46 | Create | Archer |
| 22:25 | Research | Ballistics |
| 22:25 | Research | Ballistics |
| 22:26 | Research | Ballistics |
| 22:28 | Create | Villager (Male) |
| 22:33 | Create | Archer |
| 22:33 | Create | Archer |
| 22:42 | Create | Villager (Male) |
| 22:58 | Create | Villager (Male) |
| 23:00 | Build | Mining Camp |
| 23:12 | Create | Villager (Male) |
| 23:13 | Create | Archer |
| 23:15 | Create | Villager (Male) |
| 23:17 | Build | House |
Match timeline
| 4:14 | Sir Poopsalot · first_building Barracks |
| 7:27 | EbolasRider · wall_segment Palisade Wall x1 |
| 8:16 | EbolasRider · first_building Barracks |
| 8:24 | EbolasRider · wall_segment Palisade Wall x1 |
| 8:26 | EbolasRider · wall_segment Palisade Wall x1 |
| 8:29 | EbolasRider · wall_segment Palisade Wall x1 |
| 8:30 | EbolasRider · wall_segment Palisade Wall x1 |
| 8:51 | EbolasRider · wall_segment Palisade Wall x1 |
| 8:51 | EbolasRider · wall_segment Palisade Wall x1 |
| 8:53 | EbolasRider · age_up feudal |
| 8:53 | EbolasRider · wall_segment Palisade Wall x1 |
| 8:57 | EbolasRider · wall_segment Palisade Wall x1 |
| 8:59 | EbolasRider · wall_segment Palisade Wall x1 |
| 10:16 | EbolasRider · first_building Archery Range |
| 10:34 | EbolasRider · wall_segment Palisade Wall x3 |
| 10:46 | EbolasRider · wall_segment Palisade Wall x5 |
| 11:03 | EbolasRider · wall_segment Palisade Wall x9 |
| 11:05 | Sir Poopsalot · wall_segment Palisade Wall x4 |
| 11:10 | Sir Poopsalot · wall_segment Palisade Wall x5 |
| 11:12 | Sir Poopsalot · wall_segment Palisade Wall x11 |
| 11:23 | Sir Poopsalot · wall_segment Palisade Wall x1 |
| 11:25 | Sir Poopsalot · wall_segment Palisade Wall x1 |
| 11:26 | Sir Poopsalot · wall_segment Palisade Wall x1 |
| 11:39 | Sir Poopsalot · wall_segment Palisade Wall x8 |
| 12:23 | Sir Poopsalot · age_up feudal |
| 12:27 | Sir Poopsalot · first_building Archery Range |
| 12:52 | Sir Poopsalot · wall_segment Palisade Wall x10 |
| 13:27 | Sir Poopsalot · wall_segment Palisade Wall x1 |
| 13:57 | Sir Poopsalot · wall_segment Palisade Wall x14 |
| 15:21 | Sir Poopsalot · wall_segment Palisade Wall x12 |
| 16:03 | Sir Poopsalot · wall_segment Palisade Wall x7 |
| 17:42 | EbolasRider · first_building Stable |
| 20:22 | Sir Poopsalot · age_up castle |
| 20:49 | EbolasRider · age_up castle |
| 21:23 | EbolasRider · first_building Siege Workshop |
| 22:41 | EbolasRider · first_building Monastery |
| 28:56 | Sir Poopsalot · resign |
[ AI ANALYSIS · 1 CREDIT ]
What really happened in this match?
Wolo.gg analyzes every decision: build order, eco, micro, common mistakes by bracket. Personalized analysis on WhatsApp or Discord in 30 seconds.
Civ guide
Wei
Perfil
Jugador #4943664